 Dungeon Crawl Stone Soup version 0.22-a0-42-g002c468 (webtiles) character file.

136850 galech the Brawler (level 16, 0/150 HPs)
             Began as a Troll Monk on Jan 5, 2018.
             Was the Champion of Okawaru.
             Slain by a swamp dragon (5 damage)
             ... called by a spriggan druid
             ... on level 3 of the Swamp.
             The game lasted 01:11:14 (26883 turns).

galech the Brawler (Troll Monk)                    Turns: 26883, Time: 01:11:15

Health: 0/150      AC: 28    Str: 36    XL:     16   Next: 67%
Magic:  18/18      EV:  8    Int:  6    God:    Okawaru [******]
Gold:   2719       SH: 14    Dex: 12    Spells: 15/15 levels left

rFire    + . .     SeeInvis .     - Unarmed
rCold    + . .     Gourm    +   h - +2 shield {reflect}
rNeg     . . .     Faith    .   W - +6 gold dragon scales
rPois    +         Spirit   .   k - +2 hat
rElec    .         Reflect  +   f - +0 cloak
rCorr    .         Harm     .   (gloves unavailable)
MR       +....                  (boots unavailable)
Stlth    ..........             X - amulet of magic regeneration
HPRegen  0.75/turn              y - +3 ring of strength
MPRegen  0.41/turn              p - ring of poison resistance

@: mighty, lethally poisoned (0 -> 0)
A: large, unfitting armour, claws 3, fast metabolism 3, gourmand, regeneration
1, shaggy fur 1, tough skin 2
a: Heroism, Finesse, Renounce Religion


You were on level 3 of the Swamp.
You worshipped Okawaru.
Okawaru was exalted by your worship.
You were very full.

You visited 4 branches of the dungeon, and saw 27 of its levels.
You also visited: Labyrinth and Sewer.

You collected 2944 gold pieces.
You spent 225 gold pieces at shops.

Inventory:

Hand Weapons
 Z - the +1 fustibalus "Narydgh" {freeze, rPois rF+}
   (Okawaru gifted it to you on level 12 of the Dungeon)

   It causes projectiles fired from it to freeze those they strike, causing
   extra injury to most foes and up to half again as much damage against
   particularly susceptible opponents.
   They can also slow down cold-blooded creatures.
   It protects you from fire.
   It protects you from poison.
Armour
 f - a +0 cloak (worn)
 h - a +2 shield of reflection (worn)
 k - a +2 hat (worn)
 P - a +2 robe of positive energy
 V - a scarf of cloud immunity
 W - +6 gold dragon scales (worn)
Jewellery
 m - an uncursed ring of resist corrosion
 p - a ring of poison resistance (right claw)
 y - a +3 ring of strength (left claw)
 A - an uncursed ring of ice
 F - a +3 ring of strength
 K - an uncursed ring of positive energy
 M - an uncursed ring of flight {unknown}
 N - a +3 ring of dexterity
 Q - an uncursed ring of ice
 S - a +1 ring of protection {unknown}
 T - an uncursed ring of positive energy
 X - an amulet of magic regeneration (around neck)
Wands
 H - a wand of polymorph (6)
 J - a wand of digging (24)
Scrolls
 a - 4 scrolls of amnesia
 d - 5 scrolls of random uselessness
 e - 2 scrolls of fear
 r - 16 scrolls of remove curse
 s - 3 scrolls of enchant weapon
 u - 3 scrolls of torment
 x - 5 scrolls of fog
 z - 4 scrolls of magic mapping
 D - a scroll of brand weapon
 I - a scroll of silence
 O - a scroll of holy word
Potions
 c - 3 potions of invisibility {unknown}
 j - 3 potions of mutation {unknown}
 l - 3 potions of agility {unknown}
 n - 2 potions of magic
 t - 4 potions of flight {unknown}
 v - 5 potions of haste {unknown}
 w - 11 potions of curing
 B - 5 potions of brilliance {unknown}
 E - 4 potions of lignification {unknown}
 G - 2 potions of resistance
 L - a potion of ambrosia
 Y - 3 potions of berserk rage {unknown}
Comestibles
 b - 45 rations


   Skills:
 + Level 7.7 Fighting
   Level 0.8 Short Blades
 + Level 7.4 Armour
 + Level 9.9 Dodging
 + Level 5.1 Stealth
 + Level 8.7 Shields
 + Level 20.5 Unarmed Combat
 + Level 4.1 Invocations


You had 15 spell levels left.
You didn't know any spells.

Dungeon Overview and Level Annotations

Branches:
Dungeon (15/15)            Temple (0/1) D:7            Lair (6/6) D:11
  Swamp (4/4) Lair:4       Spider (0/4) Lair:2        Slime (0/5) Lair:5
    Orc (2/2) D:12            Elf (0/3) Orc:2        Vaults (0/5) D:13
 Depths (0/5) D:15

Altars:
Cheibriados
Kikubaaqudgha
Okawaru
Qazlal
Sif Muna
Trog
Vehumet
Zin
The Shining One

Shops:
Orc:1 !   Orc:2 =!%!

Annotations:
Swamp:4 Lernaean hydra


Innate Abilities, Weirdness & Mutations

You are too large for most types of armour.
You have claws for hands.
Your metabolism is lightning-fast.
You like to eat raw meat.
Your natural rate of healing is unusually fast.
You are covered in fur. (AC +1)
You have very tough skin. (AC +2)


Message History

You climb upwards.
You feel sick.
There is a stone staircase leading down here.
You feel very mighty all of a sudden.
You block the eight-headed hydra's attack.
The eight-headed hydra bites you but does no damage.
The eight-headed hydra bites you.
* * * LOW HITPOINT WARNING * * *
The eight-headed hydra bites you but does no damage. x2
You block the eight-headed hydra's attack.
The eight-headed hydra bites you but does no damage.
The eight-headed hydra bites you.
* * * LOW HITPOINT WARNING * * *
The five-headed hydra closely misses you.
You block the five-headed hydra's attack. x2
The five-headed hydra bites you.
* * * LOW HITPOINT WARNING * * *
The five-headed hydra bites you but does no damage.
The swamp dragon misses you. You block the swamp dragon's attack.
The swamp dragon tramples you.
You die...

♣.≈≈≈♣...≈≈≈≈≈≈≈.♣ ♣♣...≈.♣
♣...≈..♣♣♣.≈≈≈≈≈≈♣♣ ♣.≈≈≈.♣♣
♣♣≈≈≈♣♣♣...≈.≈≈...♣ ♣..≈≈..♣♣♣
♣♣≈≈≈.....≈§..♣...♣♣♣♣.♣≈..♣.♣
♣≈.≈§♣♣♣.♣♣.........♣♣≈≈≈.♣.♣♣
♣≈≈≈.♣♣♣...♣.....♣≈...♣≈≈≈≈♣♣
.≈≈≈....♣.≈≈.≈≈≈.♣≈≈.≈≈≈≈≈≈≈♣
.≈≈≈♣.♣♣♣♣.≈.≈≈♣≈D≈♣♣≈.≈...≈♣♣
≈≈≈≈≈.♣ ♣≈≈≈..≈≈@D.≈≈≈≈≈≈≈...♣
.♣≈≈≈.♣♣♣≈.♣≈.≈≈.D.≈≈≈♣≈♣≈..♣♣
...≈≈.♣♣..≈.≈.≈§≈§≈.........♣
[.♣.≈≈...≈≈.≈≈.≈≈.≈≈≈.≈≈.♣♣.♣♣
..♣..≈≈≈..≈.♣♣≈≈≈...≈.≈..♣♣..♣
.♣♣.♣≈≈≈≈.≈.♣♣≈≈...≈♣≈≈.♣♣♣♣.♣
♣♣♣.≈≈≈≈§..♣♣♣..≈.♣≈≈...♣ ♣.♣
♣♣.≈≈.≈≈<[♣♣♣...≈≈≈≈≈≈..♣♣ ♣♣♣
♣♣...♣.≈≈♣♣ ♣♣..≈≈≈≈.≈≈≈.♣


You could see an eight-headed hydra, a five-headed hydra and a swamp dragon.

Vanquished Creatures
  Rupert (D:14)
  2 thorn hunters
  Roxanne (D:14)
  Louise (Swamp:4)
  A frost giant (D:15)
  An ettin (D:12)
  Josephine (D:14)
  A minotaur (Lab)
  2 ogre magi
  Harold (D:11)
  Fannar (Lair:2)
  16 hydras
  4 ghost crabs
  A catoblepas (Lair:4)
  3 alligators
  10 two-headed ogres
  An anaconda (Lair:6)
  The ghost of theanonym the Destroyer, a journeyman TeAE of Vehumet (D:10)
  2 death knights
  Erica (Lair:1)
  A centaur warrior (D:15)
  Urug (D:14)
  A tengu warrior (D:14)
  4 orc high priests (Orc:2)
  Nergalle (D:11)
  An unseen horror (D:13)
  9 swamp dragons
  A lindwurm (Lair:5)
  Pikel (D:6)
  6 orc sorcerers (Orc:2)
  8 orc knights
  A deep elf mage (D:14)
  3 cyclopes
  An ugly thing (D:12)
  5 manticores
  4 black mambas
  6 elephants (Lair:6)
  17 spiny frogs
  4 gargoyles
  3 rime drakes
  4 freezing wraiths
  A kobold demonologist (D:15)
  2 yaktaurs (D:15)
  6 komodo dragons
  A troll (shapeshifter) (D:15)
  7 trolls
  2 jumping spiders (Lair:2)
  3 tyrant leeches
  7 polar bears
  4 bog bodies
  10 hornets
  13 slime creatures
  14 hippogriffs
  12 blink frogs
  2 dream sheep (Lair:6)
  2 meliai zombies
  4 shadows
  9 redbacks
  16 spriggans
  60 yaks
  7 wraiths
  5 wyverns
  Grum (D:10)
  6 basilisks
  9 hungry ghosts
  32 insubstantial wisps
  14 swamp worms
  Menkaure (D:6)
  Edmund (D:4)
  5 vampire mosquitoes
  A soldier ant (D:12)
  2 wargs (Orc:1)
  13 water moccasins
  Duvessa (D:7)
  2 porcupines
  7 swamp drakes
  5 ice beasts
  34 orc warriors
  2 slaves (D:6)
  4 sky beasts
  3 black bears
  15 ogres
  2 phantoms
  An eye of draining (D:14)
  A necrophage (D:7)
  5 boggarts (Lair:6)
  7 centaurs
  26 wolves
  15 crocodiles
  3 elf zombies (D:7)
  3 big kobolds (Sewer)
  15 bullfrogs
  2 wyvern zombies
  Dowan (D:7)
  5 scorpions
  11 killer bees
  The ghost of Squigly the Grasshopper, a weakling GnWn (D:3)
  2 troll skeletons
  16 wights
  3 electric eels
  4 howler monkeys
  2 spriggan skeletons (Lab)
  10 crimson imps
  3 human zombies (D:7)
  2 quasits
  4 bullfrog zombies
  6 centaur zombies
  3 jellies
  24 orc priests
  Crazy Yiuf (D:6)
  5 hounds
  34 orc wizards
  A bullfrog skeleton (D:4)
  10 centaur skeletons
  Jessica (D:2)
  6 iguanas
  Terence (D:2)
  A human skeleton (D:7)
  12 worker ants
  A killer bee zombie (D:7)
  An ogre zombie (D:7)
  An ogre skeleton (Lab)
  2 hound zombies
  A mummy (D:7)
  17 adders
  8 gnolls
  7 river rats (Sewer)
  3 shadow imps
  2 adder zombies
  3 worms (D:2)
  2 dart slugs
  9 leopard geckos
  90 orcs
  6 ball pythons
  6 bats
  6 giant cockroaches
  7 goblins
  7 hobgoblins (D:1)
  15 jackals
  6 quokkas
  8 frilled lizards
  22 kobolds
  An orc zombie (D:7)
  23 rats
982 creatures vanquished.

Vanquished Creatures (others)
  A hydra (Swamp:3)
  A spriggan druid (Swamp:4)
  Grinder (D:6)
  A swamp drake (Swamp:4)
  A sky beast (D:11)
  A centaur (D:15)
  11 fungi
  5 plants (Lair:6)
22 creatures vanquished.

Grand Total: 1004 creatures vanquished

Notes
Turn   | Place    | Note
-------+----------+-------------------------------------------
     0 | D:1      | galech the Troll Monk began the quest for the Orb.
     0 | D:1      | Reached XP level 1. HP: 22/22 MP: 0/0
   176 | D:1      | Reached XP level 2. HP: 29/29 MP: 1/1
   458 | D:1      | Reached XP level 3. HP: 20/36 MP: 2/2
   854 | D:2      | Reached skill level 4 in Unarmed Combat
   865 | D:2      | Found a faded altar of an unknown god.
   899 | D:2      | Noticed Jessica
   900 | D:2      | Killed Jessica
   900 | D:2      | Reached XP level 4. HP: 43/44 MP: 3/3
   998 | D:2      | Noticed Terence
  1031 | D:2      | Killed Terence
  1059 | D:2      | Reached XP level 5. HP: 48/52 MP: 4/4
  1705 | D:3      | Noticed Squigly's ghost (weakling GnWn)
  1722 | D:3      | Killed Squigly's ghost
  1722 | D:3      | Reached skill level 5 in Unarmed Combat
  1808 | D:3      | Reached XP level 6. HP: 48/59 MP: 5/5
  1821 | D:3      | Found an iron altar of Okawaru.
  1824 | D:3      | Found a bloodstained altar of Trog.
  1827 | D:3      | Found a glowing silver altar of Zin.
  1833 | D:3      | Became a worshipper of Warmaster Okawaru
  1833 | D:3      | Reached * piety under Okawaru
  1833 | D:3      | Reached ** piety under Okawaru
  2495 | D:4      | Noticed Edmund
  2514 | D:4      | Killed Edmund
  2514 | D:4      | Reached skill level 6 in Unarmed Combat
  2613 | D:4      | Noticed a fire elemental
  2654 | D:4      | Reached XP level 7. HP: 46/67 MP: 6/6
  3093 | D:4      | Found a stormy altar of Qazlal.
  3096 | D:4      | Noticed an air elemental
  3096 | D:4      | Noticed a water elemental
  3357 | D:5      | Entered Level 5 of the Dungeon
  3399 | D:5      | Found a glowing drain.
  3416 | Sewer    | Entered a sewer
  3510 | Sewer    | Reached *** piety under Okawaru
  3510 | Sewer    | Reached skill level 7 in Unarmed Combat
  3836 | Sewer    | Reached XP level 8. HP: 71/75 MP: 7/7
  4052 | D:5      | Reached skill level 8 in Unarmed Combat
  4340 | D:5      | Found a deep blue altar of Sif Muna.
  4604 | D:6      | Reached **** piety under Okawaru
  4620 | D:5      | Reached skill level 9 in Unarmed Combat
  4799 | D:6      | Reached skill level 5 in Dodging
  4976 | D:6      | Reached XP level 9. HP: 80/84 MP: 8/8
  4991 | D:6      | Noticed Menkaure
  4996 | D:6      | Killed Menkaure
  5096 | D:6      | Noticed Pikel
  5100 | D:6      | Noticed Grinder
  5116 | D:6      | Killed Pikel
  5116 | D:6      | Reached skill level 10 in Unarmed Combat
  5124 | D:6      | Paralysed by Grinder for 7 turns
  5127 | D:6      | Killed Grinder
  5576 | D:6      | Found a runed door.
  5580 | D:6      | Noticed Crazy Yiuf
  5585 | D:6      | Killed Crazy Yiuf
  5735 | D:7      | Noticed Duvessa
  5743 | D:7      | Killed Duvessa
  5754 | D:7      | Noticed Dowan
  5758 | D:7      | Killed Dowan
  5874 | D:7      | Reached ***** piety under Okawaru
  5977 | D:7      | Received a gift from Okawaru
  5979 | D:7      | Reached skill level 11 in Unarmed Combat
  6096 | D:7      | Reached XP level 10. HP: 80/94 MP: 1/9
  6167 | D:7      | Found an ancient bone altar of Kikubaaqudgha.
  6222 | D:7      | Found a staircase to the Ecumenical Temple.
  6252 | D:7      | Found a glowing golden altar of the Shining One.
  6630 | D:8      | Found a radiant altar of Vehumet.
  6630 | D:8      | Found a snail-covered altar of Cheibriados.
  6994 | D:8      | Received a gift from Okawaru
  7176 | D:8      | Reached skill level 12 in Unarmed Combat
  7765 | D:9      | Reached skill level 1 in Invocations
  7779 | D:9      | Reached skill level 13 in Unarmed Combat
  7779 | D:9      | Reached XP level 11. HP: 66/101 MP: 8/10
  8561 | D:10     | Entered Level 10 of the Dungeon
  8569 | D:10     | Noticed theanonym's ghost (journeyman TeAE)
  8597 | D:10     | Killed theanonym's ghost
  8597 | D:10     | Received a gift from Okawaru
  8896 | D:10     | Reached skill level 5 in Fighting
  9109 | D:10     | Noticed a two-headed ogre
  9202 | D:10     | HP: 4/102 [two-headed ogre/giant club (7)]
  9203 | D:10     | Killed a two-headed ogre
  9424 | D:10     | Reached skill level 14 in Unarmed Combat
  9512 | D:10     | Noticed Grum
  9523 | D:10     | Killed Grum
  9523 | D:10     | Reached ****** piety under Okawaru
  9523 | D:10     | Received a gift from Okawaru
  9848 | D:11     | Noticed Harold
  9888 | D:11     | Found a labyrinth entrance.
  9957 | D:11     | Killed Harold
  9957 | D:11     | Reached skill level 1 in Armour
 10021 | D:11     | Reached XP level 12. HP: 99/111 MP: 9/12
 10038 | D:11     | Noticed a two-headed ogre
 10102 | D:11     | Killed a two-headed ogre
 10106 | D:11     | Noticed a two-headed ogre
 10112 | D:11     | Killed a two-headed ogre
 10132 | Lab      | Entered a labyrinth
 10278 | Lab      | Received a gift from Okawaru
 10407 | Lab      | Reached skill level 15 in Unarmed Combat
 10501 | Lab      | Noticed a minotaur
 10508 | Lab      | Killed a minotaur
 10521 | Lab      | Identified Saahaf's Reference Book on the Traveller
 10628 | D:11     | Found a staircase to the Lair.
 10667 | D:11     | Noticed Nergalle
 10684 | D:11     | Killed Nergalle
 10962 | Lair:1   | Entered Level 1 of the Lair of Beasts
 11062 | Lair:1   | Noticed Erica
 11067 | Lair:1   | Killed Erica
 11067 | Lair:1   | Reached skill level 1 in Shields
 12118 | Lair:2   | Found a hole to the Spider Nest.
 12254 | Lair:2   | Reached skill level 16 in Unarmed Combat
 12419 | Lair:2   | Reached XP level 13. HP: 110/120 MP: 14/14
 12548 | Lair:2   | Noticed Fannar
 12557 | Lair:2   | Killed Fannar
 13216 | Lair:3   | Received a gift from Okawaru
 14416 | Lair:4   | Found a staircase to the Swamp.
 15028 | Lair:5   | Found a staircase to the Slime Pits.
 15853 | Lair:6   | Entered Level 6 of the Lair of Beasts
 15884 | Lair:5   | Reached skill level 17 in Unarmed Combat
 16009 | Lair:5   | Received a gift from Okawaru
 16016 | Lair:5   | Got a scorched short sword {god gift}
 16018 | Lair:5   | Identified the +9 short sword of Accord {drain, -Tele rElec MR+ SInv} (Okawaru gifted it to you on level 5 of the Lair of Beasts)
 16562 | Lair:6   | Reached XP level 14. HP: 131/131 MP: 15/15
 16588 | Lair:6   | HP: 2/131 [15-headed hydra (13)]
 17236 | Lair:6   | Received a gift from Okawaru
 17682 | Lair:6   | Reached skill level 5 in Shields
 17790 | Lair:6   | Paralysed by a hornet for 1 turns
 18674 | D:12     | Reached skill level 18 in Unarmed Combat
 18715 | D:12     | Found a staircase to the Orcish Mines.
 18768 | Orc:1    | Entered Level 1 of the Orcish Mines
 18770 | Orc:1    | Found Urotzefim's Distillery.
 18848 | D:12     | Received a gift from Okawaru
 18853 | D:12     | Got a shimmering fustibalus {god gift}
 18854 | D:12     | Identified the +1 fustibalus "Narydgh" {freeze, rPois rF+} (Okawaru gifted it to you on level 12 of the Dungeon)
 18981 | Orc:1    | Bought a potion of heal wounds for 75 gold pieces
 18981 | Orc:1    | Bought 2 potions of heal wounds for 150 gold pieces
 19057 | Orc:1    | Reached skill level 5 in Stealth
 19245 | Orc:2    | Entered Level 2 of the Orcish Mines
 19539 | Orc:2    | Found Lucvor's Distillery.
 19561 | Orc:2    | Paralysed by an orc sorcerer for 6 turns
 19566 | Orc:2    | HP: 6/131 [orc sorcerer/bolt of fire (28)]
 19567 | Orc:2    | HP: 2/131 [orc warrior/glaive (5)]
 19573 | Orc:2    | Found Unuimpofu's Food Emporium.
 19573 | Orc:2    | Found Naif's Distillery.
 19574 | Orc:2    | Found Xigifiyfe's Jewellery Shop.
 19579 | Orc:2    | Found a staircase to the Elven Halls.
 20043 | Orc:2    | Received a gift from Okawaru
 20078 | Orc:2    | Reached XP level 15. HP: 139/140 MP: 16/16
 21195 | D:13     | Found a gate to the Vaults.
 21749 | D:13     | Reached skill level 5 in Armour
 21900 | D:14     | Reached skill level 19 in Unarmed Combat
 21981 | D:14     | Noticed Urug
 21988 | D:14     | Killed Urug
 21996 | D:14     | Noticed Roxanne
 22018 | D:14     | Killed Roxanne
 22019 | D:14     | Identified Roxanne's Compendium of Moulding (You took it off Roxanne on level 14 of the Dungeon)
 22159 | D:14     | Noticed Josephine
 22173 | D:14     | Killed Josephine
 22218 | D:14     | Received a gift from Okawaru
 22534 | D:15     | Entered Level 15 of the Dungeon
 22534 | D:15     | Noticed Rupert
 22536 | D:15     | Paralysed by Rupert for 6 turns
 22549 | D:14     | Killed Rupert
 22955 | D:15     | Found a staircase to the Depths.
 22955 | D:15     | Noticed a frost giant
 22961 | D:15     | Killed a frost giant
 23760 | Swamp:1  | Entered Level 1 of the Swamp
 23904 | Swamp:1  | Reached XP level 16. HP: 127/149 MP: 17/17
 24158 | Swamp:1  | Reached skill level 20 in Unarmed Combat
 24412 | Swamp:1  | You fall through a shaft!
 24844 | Swamp:2  | Noticed a thorn hunter
 24857 | Swamp:2  | Killed a thorn hunter
 25809 | Swamp:3  | Received a gift from Okawaru
 26342 | Swamp:4  | Entered Level 4 of the Swamp
 26415 | Swamp:4  | Noticed a thorn hunter
 26430 | Swamp:4  | Killed a thorn hunter
 26630 | Swamp:4  | Noticed Louise
 26636 | Swamp:4  | Killed Louise
 26652 | Swamp:4  | Noticed the 27-headed Lernaean hydra
 26883 | Swamp:3  | HP: 5/150 [five-headed hydra[a spriggan druid] (3)]
 26883 | Swamp:3  | Slain by a swamp dragon

Vault maps used:
D:1:      wheals_arrival_shading, minmay_hedge_maze, interstate_on_off
D:2:      chequers_ecumenical_altar_grove, minmay_surrounded, uniq_jessica,
          uniq_terence
D:3:      grunt_temple_overflow_diamond, minivault_19, chequers_big_river
D:4:      first_ration, nicolae_qazlal_style_of_elements, uniq_edmund
D:5:      cheibrodos_sewer_entry_drain, lemuel_blue_sif_altar
D:6:      uniq_crazy_yiuf_cottage, uniq_pikel, uniq_grinder, uniq_menkaure
D:7:      lemuel_crystal_altar, temple_doors_cd,
          lemuel_mausoleum_altar_kikubaaqudgha, uniq_duvessa
D:8:      amethyst_overflow_temple_binary
D:10:     uniq_grum
D:11:     grunt_lair_entry_orc_guard_hut, lab_entry_generic, uniq_harold,
          uniq_nergalle
D:12:     erik_orc_1
D:13:     david_vaults_2
D:14:     minmay_stone_trees_small, uniq_josephine, uniq_roxanne, uniq_urug
D:15:     grunt_enter_depths_snipers, nicolae_twisting_strands, uniq_rupert
Lair:1:   grunt_megastairs_4, serial_bayou_shore_b, uniq_erica
Lair:2:   nicolae_spider_entry_tight_spaces, lemuel_fruit_tree, uniq_fannar
Lair:3:   cheibrodos_lair_caveside_slide
Lair:4:   minmay_swamp_entry_wisps, grunt_megastairs_1,
          infiniplex_staircase_pool
Lair:5:   minmay_slime_entry_pillars
Lair:6:   minmay_lair_end_enchanted_forest, grunt_megastairs_3
Swamp:1:  nicolae_swamp_treefoil
Swamp:2:  evilmike_swamp_ruin_house_5
Swamp:3:  evilmike_swamp_ruin_rubble_1
Swamp:4:  swamp_alternative, swamp_pool2,
          nicolae_swamp_feature_on_the_river_bank, uniq_louise
Orc:1:    serial_shops, shop
Orc:2:    st_orc_elflike
Lab:      nicolae_lab_dead_adventurers, nicolae_lab_diamond,
          labyrinth_skeletal_remains, nicolae_lab_checkerboard,
          nicolae_lab_grate, nicolae_lab_lava, labyrinth_lava_lair,
          nicolae_lab_blocks, nicolae_lab_swirl
Sewer:    sewer_minmay_treatment

Skill      XL: |  1  2  3  4  5  6  7  8  9 10 11 12 13 14 15 16 |
---------------+-------------------------------------------------+-----
Unarmed Combat | 4 5 6 7 9 11 13 14 16 17 18 19 20 | 20.5
Dodging        | 3 4 5 6 7 8 9 |  9.9
Fighting       | 3 4 5 6 7 |  7.7
Stealth        | 2 3 4 5 |  5.1
Invocations    | 1 2 3 4 |  4.1
Armour         | 1 3 4 5 7 |  7.4
Shields        | 1 4 6 7 8 |  8.7
Short Blades   | |  0.8

Action                   |  1- 3 |  4- 6 |  7- 9 | 10-12 | 13-15 | 16-18 || total
-------------------------+-------+-------+-------+-------+-------+-------++-------
Melee: Unarmed           |   109 |   169 |   386 |   703 |  1509 |   355 ||  3231
       Punch             |       |     2 |    12 |    29 |       |       ||    43
       Short sword       |       |       |       |       |     4 |       ||     4
Invok: Heroism           |       |       |     2 |     8 |    19 |    11 ||    40
       Finesse           |       |       |     1 |     3 |     7 |     1 ||    12
  Use: Scroll            |       |       |     5 |     8 |    15 |    17 ||    45
       Potion            |       |       |       |       |     4 |    13 ||    17
 Stab: Sleeping          |     1 |     4 |     5 |    16 |    12 |       ||    38
       Distracted        |       |       |       |     2 |     1 |       ||     3
  Eat: Chunk             |    14 |    13 |    34 |    73 |   109 |    18 ||   261
       Ration            |       |       |       |     5 |       |     3 ||     8
Armor: Robe              |    45 |    49 |    93 |    62 |       |       ||   249
       Troll leather arm |       |       |       |    91 |   230 |       ||   321
       Gold dragon scale |       |       |       |       |   221 |   389 ||   610
Dodge: Dodged            |    55 |    70 |   220 |   374 |   526 |   155 ||  1400
Block: Shield            |       |       |       |    76 |   844 |   320 ||  1240
       Reflection        |       |       |       |       |    21 |     3 ||    24

Table legend:
 A = Spawn XP
 B = Non-spawn XP
 C = Spawn XP percentage of total XP
 D = Spawn monster count
 E = Non-spawn monster count
 F = Spawn count percentage of total count
 G = Total turns spent on level
                    A         B        C        D         E        F      G
               +---------+---------+-------+---------+---------+-------+---------
         Total |       0 |  195500 |   0.0 |       0 |     984 |   0.0 | 26883
               +---------+---------+-------+---------+---------+-------+---------
           D:1 |       0 |      61 |   0.0 |       0 |      33 |   0.0 |   810
           D:2 |       0 |     221 |   0.0 |       0 |      35 |   0.0 |   855
           D:3 |       0 |     137 |   0.0 |       0 |      13 |   0.0 |   651
           D:4 |       0 |     516 |   0.0 |       0 |      14 |   0.0 |  1041
           D:5 |       0 |     734 |   0.0 |       0 |      23 |   0.0 |   700
           D:6 |       0 |    2120 |   0.0 |       0 |      28 |   0.0 |   964
           D:7 |       0 |    2233 |   0.0 |       0 |      39 |   0.0 |   979
           D:8 |       0 |    2719 |   0.0 |       0 |      41 |   0.0 |  1183
           D:9 |       0 |    3826 |   0.0 |       0 |      35 |   0.0 |   952
          D:10 |       0 |    6088 |   0.0 |       0 |      47 |   0.0 |  1159
          D:11 |       0 |    7756 |   0.0 |       0 |      30 |   0.0 |   633
          D:12 |       0 |   10392 |   0.0 |       0 |      58 |   0.0 |  1067
          D:13 |       0 |   10104 |   0.0 |       0 |      30 |   0.0 |   809
          D:14 |       0 |   17391 |   0.0 |       0 |      38 |   0.0 |   921
          D:15 |       0 |   11978 |   0.0 |       0 |      36 |   0.0 |   927
        Lair:1 |       0 |    5869 |   0.0 |       0 |      25 |   0.0 |  1195
        Lair:2 |       0 |    5301 |   0.0 |       0 |      20 |   0.0 |   946
        Lair:3 |       0 |    4210 |   0.0 |       0 |      21 |   0.0 |   969
        Lair:4 |       0 |    8529 |   0.0 |       0 |      32 |   0.0 |   998
        Lair:5 |       0 |    8894 |   0.0 |       0 |      35 |   0.0 |  1588
        Lair:6 |       0 |   18361 |   0.0 |       0 |      72 |   0.0 |  1617
       Swamp:1 |       0 |   11890 |   0.0 |       0 |      30 |   0.0 |  1029
       Swamp:2 |       0 |   14782 |   0.0 |       0 |      42 |   0.0 |   799
       Swamp:3 |       0 |    3670 |   0.0 |       0 |       6 |   0.0 |   755
       Swamp:4 |       0 |   16733 |   0.0 |       0 |      31 |   0.0 |   540
         Orc:1 |       0 |    3837 |   0.0 |       0 |      45 |   0.0 |   574
         Orc:2 |       0 |   13832 |   0.0 |       0 |      64 |   0.0 |  1169
           Lab |       0 |    2846 |   0.0 |       0 |      13 |   0.0 |   447
         Sewer |       0 |     470 |   0.0 |       0 |      48 |   0.0 |   606
               +---------+---------+-------+---------+---------+-------+---------
